 Dungeon Crawl Stone Soup version 0.27-a0-512-g57cc695410 (webtiles) character file.

Game seed: 13415661956098536057

66168 Dirtsage the Pandemonic (level 14, -10/111 HPs)
             Began as a Demonspawn Warper on Mar 3, 2021.
             Was a High Priest of Makhleb.
             Mangled by a balrug
             ... wielding a +2 demon whip of electrocution
             ... summoned by the player character
              (13 damage)
             ... on level 6 of the Lair of Beasts.
             The game lasted 01:08:00 (26353 turns).

Dirtsage the Pandemonic (Demonspawn Warper)        Turns: 26353, Time: 01:08:01

Health: -10/111    AC: 10    Str: 14 (16) XL:     14   Next: 78%
Magic:  0/24       EV: 17    Int: 19      God:    Makhleb [*****.]
Gold:   1042       SH:  5    Dex: 14      Spells: 14/24 levels left

rFire    . . .     SeeInvis .     - Unarmed
rCold    . . .     Faith    .   B - +0 buckler
rNeg     . . .     Spirit   +   s - +1 ring mail "Lysuraz" {Will++ Int+3 Dex+4}
rPois    .         Reflect  .   (helmet unavailable)
rElec    .         Harm     .   l - +0 cloak
rCorr    .         Rampage  .   (gloves unavailable)
Will     ++++.                  O - +0 pair of boots
Stlth    +.........             A - amulet of the acrobat
HPRegen  0.28/turn              H - ring of willpower
MPRegen  0.38/turn              e - +4 ring of evasion

@: about to teleport
A: claws 3, horns 3, talons 2, clumsy 1, deterioration 1, foul stench 1, magic
shield, magic regeneration
a: Renounce Religion, Minor Destruction, Lesser Servant of Makhleb, Major
Destruction, Greater Servant of Makhleb


You were on level 6 of the Lair of Beasts.
You worshipped Makhleb.
Makhleb was extremely pleased with you.
You visited 3 branches of the dungeon, and saw 21 of its levels.

You collected 1042 gold pieces.


Innate Abilities, Weirdness & Mutations

You have claws for hands.
You have a pair of large horns on your head.
You have razor-sharp toenails.
You may rarely emit foul miasma when damaged in melee.
When hurt, damage is shared between your health and your magic reserves.
You regenerate magic rapidly.
You are clumsy. (Dex -2)
Your body sometimes deteriorates upon taking damage.


   Skills:
 + Level 10.8 Fighting
 - Level 0.8 Throwing
 + Level 8.5 Armour
 + Level 4.8 Dodging
 - Level 4.0 Shields
 * Level 12.9 Unarmed Combat
 - Level 5.6 Spellcasting
 - Level 9.9 Translocations
 + Level 14.5 Invocations


You had 14 spell levels left.
You knew the following spells:

 Your Spells              Type           Power        Failure   Level
l - Lesser Beckoning      Tloc           21%          1%          3
t - Teleport Other        Tloc           43%          1%          3
X - Manifold Assault      Tloc           43%          3%          4

Your spell library contained the following spells:

 Spells                   Type           Power        Failure   Level
 Blink                    Tloc           N/A          1%          2
 Gell's Gravitas          Tloc           21%          1%          3
 Magic Dart               Conj           20%          21%         1
 Shock                    Conj/Air       20%          21%         1
 Summon Small Mammal      Summ           20%          21%         1
 Call Imp                 Summ           5%           30%         2
 Slow                     Hex            5%           30%         2
 Swiftness                Air            5%           30%         2
 Call Canine Familiar     Summ           5%           52%         3
 Confusing Touch          Hex            5%           52%         3
 Conjure Flame            Conj/Fire      5%           52%         3
 Mephitic Cloud           Conj/Pois/Air  5%           52%         3
 Static Discharge         Conj/Air       5%           52%         3
 Summon Guardian Golem    Hex/Summ       5%           52%         3
 Airstrike                Air            2%           90%         4
 Cause Fear               Hex            2%           90%         4
 Petrify                  Tmut/Erth      5%           90%         4
 Summon Ice Beast         Ice/Summ       5%           90%         4
 Summon Lightning Spire   Summ/Air       5%           90%         4
 Bolt of Magma            Conj/Fire/Erth 2%           99%         5
 Iskenderun's Battlesphe  Conj           5%           99%         5
 Lightning Bolt           Conj/Air       2%           99%         5
 Metabolic Englaciation   Hex/Ice        2%           99%         5
 Silence                  Hex/Air        2%           99%         5
 Yara's Violent Unravell  Hex/Tmut       2%           99%         5
 Conjure Ball Lightning   Conj/Air       2%           100%        6
 Iron Shot                Conj/Erth      2%           100%        6
 Orb of Destruction       Conj           2%           100%        7
 Spellforged Servitor     Conj/Summ      2%           100%        7
 Discord                  Hex            2%           100%        8
 Tornado                  Air            2%           100%        9

Inventory:

Missiles
 d - 5 boomerangs of dispersal (quivered) {=f}
 w - 32 boomerangs
 z - a throwing net {=f}
Armour
 g - a +0 scale mail
 l - a +0 cloak (worn)
 s - the +1 ring mail "Lysuraz" (worn) {Will++ Int+3 Dex+4}
   (You found it on level 5 of the Dungeon)

   It affects your intelligence (+3).
   It affects your dexterity (+4).
   It affects your willpower, your defense against some magical effects.
 B - a +0 buckler (worn)
 O - a +0 pair of boots (worn)
 R - a +0 kite shield
Magical Staves
 G - a staff of death {!a}
Jewellery
 e - a +4 ring of evasion (right claw)
 A - an amulet of the acrobat (around neck)
 H - a ring of willpower (left claw)
 N - a ring of positive energy
 S - a +6 ring of strength
Wands
 C - a wand of iceblast (5)
 P - a wand of flame (27)
 T - a wand of charming (4)
 W - a wand of acid (11)
 Z - a wand of paralysis (6)
Scrolls
 b - 2 scrolls of teleportation {@r4}
 c - a scroll of blinking
 j - 3 scrolls of enchant armour {unknown}
 k - 3 scrolls of immolation {unknown}
 m - 5 scrolls of enchant weapon {unknown}
 o - 5 scrolls of magic mapping {unknown}
 r - 3 scrolls of random uselessness {unknown}
 u - 3 scrolls of amnesia {unknown}
 y - 2 scrolls of noise {unknown}
 D - 2 scrolls of fear {unknown}
 E - 8 scrolls of identify {@r1}
 M - 2 scrolls of vulnerability {unknown}
 U - a scroll of fog {unknown}
 X - a scroll of holy word {unknown}
Potions
 a - 3 potions of cancellation
 f - 3 potions of magic {unknown}
 h - 2 potions of lignification
 i - 3 potions of ambrosia
 n - 4 potions of haste {@q3}
 p - a potion of brilliance
 q - 5 potions of curing {@q1}
 t - a potion of berserk rage {unknown}
 v - 2 potions of mutation {unknown}
 x - 2 potions of resistance {unknown}
 F - 4 potions of might {unknown}
 I - 2 potions of attraction {unknown}
 J - 2 potions of flight {unknown}
 K - 2 potions of heal wounds {@q2}
 Q - a potion of degeneration {unknown}
Miscellaneous
 L - a box of beasts
 V - a phantom mirror
 Y - a lightning rod (4/4)

Dungeon Overview and Level Annotations

Branches:
Dungeon (14/15)            Temple (1/1) D:7            Lair (6/6) D:10
 Shoals (0/4) Lair:2        Snake (0/4) Lair:3        Slime (0/5) Lair:5
    Orc (0/2) D:9          Vaults (0/5) D:13

Altars:
Ashenzari
Cheibriados
Dithmenos
Elyvilon
Fedhas
Gozag
Hepliaklqana
Kikubaaqudgha
Makhleb
Nemelex Xobeh
Okawaru
Qazlal
Ru
Sif Muna
Trog
Uskayaw
Vehumet
Wu Jian
Xom
Yredelemnul
Zin
The Shining One

Annotations:
D:10 3 runed translucent doors, Glorbak's ghost, journeyman DgTm
Lair:3 exclusion: 2 oklob plants

#..P...#......P..## #
..PPPP#÷...#P...#..# #
..PP.......P..#..##
..P.....P......#.#######
.................##.#..#
#P#...#......†P##.#..#..
# ###..........†.†.†(...
##...##.##.P#........
#...@##############.# #
###.2# ### ## #####
#.D## .###...## #...#
..#.#...# ##..#
........# ##..#
........#######...#
............#..#[.#
..##.#...........#.#


You could see a balrug (summoned) and a six-headed hydra.


Message History

* * * LOW HITPOINT WARNING * * *
You are covered in liquid flames!
* * * LOW HITPOINT WARNING * * *
You are covered in liquid flames!
* * * LOW HITPOINT WARNING * * *
You are covered in liquid flames!
* * * LOW HITPOINT WARNING * * *
You are covered in liquid flames!
* * * LOW HITPOINT WARNING * * *
The balrug gestures at you. Makhleb smites you!
* * * LOW HITPOINT WARNING * * *
Casting: Manifold Assault (mildly dangerous; 3% risk of failure)
Confirm with . or Enter, or press ? or * to list all spells.
Okay, then.
Casting: Manifold Assault (mildly dangerous; 3% risk of failure)
Confirm with . or Enter, or press ? or * to list all spells.
Aiming: Teleport Other (safe; 1% risk of failure)
Press: ? - help, Shift-Dir - straight line, f - balrug
Aim: a balrug, wielding a +2 demon whip of electrocution (summoned, chance to affect: 0%)
Okay, then.
As you read the scroll of teleportation {@r4}, it crumbles to dust.
You feel strangely unstable.
The balrug hits you with a +2 demon whip of electrocution!
* * * LOW HITPOINT WARNING * * *
Your body deteriorates!
You feel weakened.
You are engulfed in flames!!
* * * LOW HITPOINT WARNING * * *
You are electrocuted!
You die...

Skill      XL: |  1  2  3  4  5  6  7  8  9 10 11 12 13 14 |
---------------+-------------------------------------------+-----
Unarmed Combat | 2 3 4 5 6 8 9 10 11 12 | 12.9
Armour         | 1 2 3 5 6 7 8 |  8.5
Fighting       | 3 4 6 7 8 9 10 | 10.8
Shields        | 2 4 |  4.0
Translocations | 3 7 9 |  9.9
Spellcasting   | 5 |  5.6
Invocations    | 6 10 13 14 | 14.5
Dodging        | 3 4 |  4.8
Throwing       | |  0.8

Action                   |  1- 3 |  4- 6 |  7- 9 | 10-12 | 13-15 || total
-------------------------+-------+-------+-------+-------+-------++-------
Melee: Unarmed           |   148 |   225 |   368 |   742 |   771 ||  2254
       Kick              |    22 |    49 |   100 |    80 |       ||   251
       Punch             |     1 |     5 |    12 |       |       ||    18
       Headbutt          |       |    25 |    76 |   173 |   143 ||   417
 Cast: Manifold Assault  |       |       |       |     3 |    34 ||    37
       Teleport Other    |       |       |       |       |    12 ||    12
Invok: Lesser Servant of |       |       |       |     2 |     2 ||     4
       Greater Servant o |       |       |       |       |     7 ||     7
       Major Destruction |       |       |       |       |     2 ||     2
Evoke: Wand              |       |       |       |     3 |     4 ||     7
  Use: Scroll            |       |     7 |       |     4 |     3 ||    14
       Potion            |       |     1 |     1 |       |     4 ||     6
 Stab: Distracted        |       |       |       |       |     1 ||     1
Armor: Leather armour    |    14 |       |       |       |       ||    14
       Scale mail        |    31 |    92 |       |       |       ||   123
       Ring mail         |       |     7 |   130 |   141 |   152 ||   430
Dodge: Dodged            |    58 |   100 |   230 |   455 |   542 ||  1385
Block: Buckler           |       |       |    15 |   137 |   155 ||   307

Levels and vault maps discovered:
D:1:      heliophobic_arrival_ceremonial_halls, layout_basic,
          amcnicky_mini_corridor_feature, minmay_misc_feat_columns
D:2:      layout_loops_ring, old_standard_altar, uniq_robin, uniq_jessica
D:3:      layout_loops_ring, nzn_hepliaklqana_mist_gate, xom_redecorated
D:4:      wad_woods_tower, layout_basic
D:5:      wad_river_or_something, layout_rooms, nicolae_ru_sacrificial_ziggurat,
          uniq_eustachio
D:6:      layout_basic, grunt_decor_mini_mirrors, uniq_duvessa
D:7:      layout_rooms, lemuel_blue_sif_altar, minmay_temple_entry_crystal_x
D:8:      layout_loops_ring, old_standard_altar, corner_web_ring,
          minmay_splitting_lines
D:9:      layout_gridville, orc_0_dummy
D:10:     layout_cave_pools, dpeg_lair_monsters, ebering_ghost_rock_garden,
          basic_altar, minmay_puff
D:11:     regret_index_tunnel_blossom, layout_rooms, portal_ice_cave_entry_imps
D:12:     layout_long_grid, minmay_quadrilaterals
D:13:     layout_rooms, lightli_vaults_fourway_checkpoint
D:14:     minmay_crescents, layout_irregular_city, elyvilon_altar_3,
          serial_shops, shop_coins
Temple:   minmay_crystal_spiral_temple
Lair:1:   layout_hall_layers, serial_bayou_shore_b, grunt_megastairs_1
Lair:2:   layout_roguey, elwin_shoals_entry_rocks, grunt_megastairs_3
Lair:3:   layout_chaotic_city, minmay_snake_entry_guardpost_small, serial_bayou,
          serial_bayou_lagoon_a, serial_bayou_pond_d, serial_bayou_shore_b,
          serial_bayou_crossing, serial_bayou_pond_e, minmay_lair_oklob_chamber,
          serial_bayou_shore_b, lemuel_fruit_tree
Lair:4:   layout_cave_pods, special_room [special_room_mythical_zoo],
          eino_small_chamber_without_monster, serial_bayou_shore_a,
          serial_bayou_shore_b, grunt_megastairs_4, infiniplex_staircase_pool
Lair:5:   layout_cave_shapes, minmay_slime_entry_eyes,
          nicolae_volcano_entry_vermiform
Lair:6:   hangedman_lair_in_review, layout_loops_ring,
          eino_small_chamber_without_monster

Notes
Turn   | Place    | Note
-------+----------+-------------------------------------------
     0 | D:1      | Dirtsage the Demonspawn Warper began the quest for the Orb.
     0 | D:1      | Reached XP level 1. HP: 16/16 MP: 3/3
    31 | D:1      | Reached skill level 2 in Unarmed Combat
   318 | D:1      | You feel monstrous as your demonic heritage exerts itself.
   318 | D:1      | Gained mutation: You have sharp toenails. [demonic
                  | ancestry]
   318 | D:1      | Reached XP level 2. HP: 22/22 MP: 5/5
  1070 | D:2      | Noticed Robin
  1241 | D:1      | Reached skill level 1 in Armour
  1242 | D:1      | Reached skill level 3 in Unarmed Combat
  1326 | D:1      | Killed Robin
  1327 | D:1      | Gained mutation: You may rarely emit foul miasma when
                  | damaged in melee. [demonic ancestry]
  1327 | D:1      | Reached XP level 3. HP: 10/27 MP: 6/6
  1562 | D:2      | Found a hide-covered altar of Uskayaw.
  2048 | D:2      | Gained mutation: You have sharp fingernails. [demonic
                  | ancestry]
  2048 | D:2      | Reached XP level 4. HP: 34/34 MP: 7/7
  2157 | D:2      | Noticed Jessica
  2176 | D:2      | Killed Jessica
  2867 | D:3      | Gained mutation: You have a pair of small horns on your
                  | head. [demonic ancestry]
  2867 | D:3      | Reached XP level 5. HP: 40/40 MP: 8/8
  3022 | D:3      | Reached skill level 4 in Unarmed Combat
  3086 | D:3      | Reached skill level 3 in Fighting
  3086 | D:3      | Reached skill level 2 in Armour
  3141 | D:3      | Found a hazy altar of Hepliaklqana.
  3187 | D:3      | Found a shimmering altar of Xom.
  3189 | D:3      | Found a shimmering altar of Xom.
  3190 | D:3      | Found a shimmering altar of Xom.
  3746 | D:4      | Gained mutation: You have a pair of horns on your head.
                  | [demonic ancestry]
  3746 | D:4      | Reached XP level 6. HP: 46/47 MP: 9/9
  4202 | D:5      | Entered Level 5 of the Dungeon
  4332 | D:5      | Noticed Eustachio
  4969 | D:5      | Identified the +1 ring mail "Lysuraz" {Will++ Int+3 Dex+4}
  5237 | D:5      | Found a sacrificial altar of Ru.
  5481 | D:5      | Reached skill level 5 in Unarmed Combat
  5534 | D:5      | Reached skill level 4 in Fighting
  5534 | D:5      | Reached skill level 3 in Armour
  5534 | D:5      | Gained mutation: You regenerate magic rapidly. [demonic
                  | ancestry]
  5534 | D:5      | Reached XP level 7. HP: 48/54 MP: 10/10
  6186 | D:5      | Killed Eustachio
  6187 | D:5      | Reached skill level 6 in Unarmed Combat
  6360 | D:6      | Gained mutation: You have very sharp fingernails. [demonic
                  | ancestry]
  6360 | D:6      | Reached XP level 8. HP: 52/61 MP: 11/11
  6404 | D:6      | You fall into a shaft and drop 2 floors!
  6425 | D:7      | Reached skill level 4 in Armour
  6456 | D:7      | Reached skill level 5 in Fighting
  6695 | D:6      | Reached skill level 7 in Unarmed Combat
  7129 | D:6      | Noticed Duvessa
  7129 | D:6      | Noticed Dowan
  7140 | D:6      | Killed Duvessa
  7143 | D:6      | Killed Dowan
  7557 | D:7      | Found a staircase to the Ecumenical Temple.
  7570 | D:7      | Reached skill level 5 in Armour
  7573 | Temple   | Entered the Ecumenical Temple
  7869 | D:7      | Reached skill level 6 in Fighting
  7898 | D:7      | Reached skill level 8 in Unarmed Combat
  7898 | D:7      | Reached XP level 9. HP: 69/69 MP: 12/12
  8162 | D:7      | Found a shimmering blue altar of Sif Muna.
  8188 | D:8      | Found a burning altar of Makhleb.
  8407 | D:8      | Became a worshipper of Makhleb the Destroyer
  9473 | D:9      | Learned a level 4 spell: Manifold Assault
  9743 | D:9      | Reached skill level 9 in Unarmed Combat
  9853 | D:9      | Found a staircase to the Orcish Mines.
  9938 | D:10     | Entered Level 10 of the Dungeon
  9938 | D:10     | Found a staircase to the Lair.
  9939 | D:10     | Noticed a death yak
  9940 | D:10     | Noticed a death yak
  9942 | D:10     | Noticed a death yak
  9952 | D:9      | Reached skill level 1 in Shields
 10049 | D:10     | Noticed a troll
 10056 | D:9      | Killed a troll
 10057 | D:9      | Reached skill level 6 in Armour
 10222 | D:10     | Reached skill level 7 in Fighting
 10264 | D:10     | Found a runed translucent gate.
 10264 | D:10     | Found a runed translucent gate.
 10264 | D:10     | Found a runed translucent gate.
 10264 | D:10     | Noticed Glorbak's ghost (journeyman DgTm)
 10317 | D:10     | Killed an unseen horror
 10318 | D:10     | Reached skill level 2 in Shields
 10444 | D:10     | Found a hazy altar of Hepliaklqana.
 10457 | D:10     | Gained mutation: You have claws for hands. [demonic
                  | ancestry]
 10457 | D:10     | Reached XP level 10. HP: 65/79 MP: 13/13
 10515 | D:10     | Reached * piety under Makhleb
 10740 | D:10     | Killed a death yak
 10741 | D:10     | Reached skill level 3 in Shields
 10745 | D:10     | Killed a death yak
 10746 | D:10     | Reached skill level 10 in Unarmed Combat
 10776 | D:9      | Killed a death yak
 11077 | D:10     | Reached skill level 7 in Armour
 11207 | D:10     | Reached skill level 8 in Fighting
 11419 | D:10     | Reached skill level 4 in Shields
 11575 | D:11     | Reached skill level 3 in Translocations
 11968 | D:11     | Noticed a cyan ugly thing
 11990 | D:11     | HP: 7/80 [cyan ugly thing (17)]
 12599 | D:10     | Reached XP level 11. HP: 78/86 MP: 15/15
 12602 | D:10     | Reached skill level 4 in Translocations
 12624 | D:11     | Reached ** piety under Makhleb
 12629 | D:11     | Reached skill level 3 in Spellcasting
 13025 | D:11     | Killed an unseen horror
 13028 | D:11     | Reached skill level 5 in Translocations
 13457 | D:11     | You fall into a shaft and drop 3 floors!
 13458 | D:14     | Noticed a deep elf pyromancer
 13797 | D:13     | Reached *** piety under Makhleb
 13798 | D:13     | Reached skill level 4 in Spellcasting
 13834 | D:13     | Reached skill level 6 in Translocations
 13840 | D:13     | Reached skill level 1 in Invocations
 13936 | D:13     | Reached skill level 2 in Invocations
 14147 | D:12     | Reached skill level 3 in Invocations
 14279 | D:12     | Noticed a deep elf pyromancer
 14368 | D:11     | Noticed a six-headed hydra
 14404 | D:11     | Reached skill level 4 in Invocations
 14577 | D:11     | Noticed a two-headed ogre
 14582 | D:11     | Killed a two-headed ogre
 14583 | D:11     | Reached skill level 7 in Translocations
 14583 | D:11     | Reached skill level 5 in Invocations
 14711 | D:11     | Killed a cyan ugly thing
 14712 | D:11     | Reached skill level 5 in Spellcasting
 15201 | D:12     | Noticed a boulder beetle
 15212 | D:12     | Killed a boulder beetle
 15213 | D:12     | Reached skill level 6 in Invocations
 15494 | D:12     | Gained mutation: When hurt, damage is shared between your
                  | health and your magic reserves. [demonic ancestry]
 15494 | D:12     | Reached XP level 12. HP: 71/92 MP: 19/19
 15773 | D:12     | Reached skill level 7 in Invocations
 15789 | D:12     | Reached **** piety under Makhleb
 15791 | D:12     | Noticed a two-headed ogre
 15807 | D:12     | Killed a two-headed ogre
 15808 | D:12     | Reached skill level 8 in Translocations
 16425 | D:12     | Reached skill level 8 in Invocations
 17165 | D:13     | Reached skill level 9 in Invocations
 17242 | D:13     | Found a gate to the Vaults.
 17242 | D:13     | Noticed a vault guard
 17242 | D:13     | Noticed a vault guard
 17242 | D:13     | Noticed a vault guard
 17242 | D:13     | Noticed a vault guard
 17278 | D:13     | Killed a vault guard
 17626 | D:12     | Killed a vault guard
 17656 | D:12     | Killed a vault guard
 17657 | D:12     | Reached skill level 11 in Unarmed Combat
 17873 | D:13     | Killed a vault guard
 17874 | D:13     | Reached skill level 10 in Invocations
 17880 | D:12     | Reached skill level 9 in Fighting
 18300 | D:13     | Noticed a boulder beetle
 18321 | D:13     | Killed a boulder beetle
 18322 | D:13     | Reached skill level 9 in Translocations
 19227 | D:14     | Noticed a centaur warrior
 19327 | Lair:1   | Entered Level 1 of the Lair of Beasts
 19334 | Lair:1   | Gained mutation: You have razor-sharp toenails. [demonic
                  | ancestry]
 19334 | Lair:1   | Reached XP level 13. HP: 101/101 MP: 21/21
 19348 | Lair:1   | Learned a level 3 spell: Lesser Beckoning
 19352 | Lair:1   | Learned a level 3 spell: Teleport Other
 19501 | Lair:1   | Reached skill level 11 in Invocations
 20184 | Lair:2   | Found a staircase to the Shoals.
 20928 | Lair:2   | Reached ***** piety under Makhleb
 20951 | Lair:2   | Reached skill level 12 in Invocations
 21487 | Lair:3   | Reached skill level 2 in Dodging
 22127 | Lair:3   | Reached skill level 10 in Fighting
 22346 | Lair:3   | Found a staircase to the Snake Pit.
 23042 | Lair:4   | Reached skill level 3 in Dodging
 23055 | Lair:4   | Reached skill level 12 in Unarmed Combat
 23069 | Lair:4   | Reached skill level 13 in Invocations
 23083 | Lair:4   | Noticed a cacodemon
 23090 | Lair:4   | Gained mutation: You are clumsy. (Dex -2) [a cacodemon]
 23091 | Lair:4   | Gained mutation: Your body sometimes deteriorates upon
                  | taking damage. [a cacodemon]
 23311 | Lair:4   | Noticed a balrug
 23759 | Lair:3   | Gained mutation: You have a pair of large horns on your
                  | head. [demonic ancestry]
 23759 | Lair:3   | Reached XP level 14. HP: 25/101 MP: 5/23
 23766 | Lair:3   | HP: 9/99 [six-headed hydra (8)]
 24546 | Lair:5   | Found a staircase to the Slime Pits.
 24992 | Lair:5   | Reached skill level 8 in Armour
 25075 | Lair:6   | Entered Level 6 of the Lair of Beasts
 25213 | Lair:5   | Reached skill level 4 in Dodging
 25375 | Lair:6   | Reached skill level 14 in Invocations
 25504 | Lair:6   | HP: 4/111 [catoblepas (22)]
 26295 | Lair:6   | Noticed a balrug
 26353 | Lair:6   | HP: 3/111 [balrug/+2 demon whip of electrocution[the player
                  | character] (12)]
 26353 | Lair:6   | Mangled by a balrug

Vanquished Creatures
  4 vault guards
  2 boulder beetles
  2 catoblepae (Lair:6)
  2 two-headed ogres
  11 death yaks
  2 unseen horrors
  A deep elf pyromancer (D:12)
  3 lindwurms
  2 cyclopes (D:13)
  5 ugly things
  15 elephants
  7 black mambas
  3 gargoyles (D:12)
  An eye of devastation (Lair:5)
  14 cane toads
  3 rime drakes
  A komodo dragon (Lair:3)
  A kobold demonologist (D:13)
  A queen bee (D:11)
  5 trolls
  5 polar bears
  6 blink frogs
  10 dream sheep
  10 slime creatures (D:12)
  2 shadows
  A vampire (D:11)
  5 basilisks
  36 yaks
  7 wyverns
  Eustachio (D:5)
  2 vampire mosquitoes (D:13)
  3 nagas (Lair:3)
  An acid dragon (D:10)
  A soldier ant (D:13)
  Duvessa (D:6)
  14 water moccasins
  4 sky beasts
  4 orc warriors
  3 ice beasts
  2 eyes of draining
  A necrophage (D:12)
  2 black bears
  4 ogres
  7 wolves
  5 centaurs
  A phantom (D:7)
  29 bullfrogs
  A wyvern zombie (D:14)
  Dowan (D:6)
  5 scorpions
  A water moccasin skeleton (D:4)
  30 killer bees
  15 wights
  A quasit (D:9)
  11 hounds
  A bullfrog zombie (D:7)
  6 centaur zombies
  7 jellies
  5 orc priests
  A bullfrog skeleton (D:10)
  4 iguanas
  Jessica (D:2)
  6 orc wizards
  7 worker ants
  5 hell rats
  2 hound zombies
  A hound skeleton (D:11)
  Robin (D:1)
  A worker ant zombie (D:6)
  9 gnolls
  A howler monkey skeleton (D:11)
  9 adders
  2 river rats
  5 shadow imps
  16 white imps
  2 oozes
  2 adder zombies
  An adder skeleton (D:5)
  6 worms
  2 dart slugs
  6 leopard geckos
  28 orcs
  4 bats
  4 giant cockroaches
  12 goblins
  10 hobgoblins
  15 jackals
  6 kobolds
  10 quokkas
  3 frilled lizards
  A leopard gecko skeleton (D:4)
  A quokka zombie (D:7)
  7 rats
527 creatures vanquished.

Vanquished Creatures (collateral kills)
  5 hydras
  5 death yaks
  A manticore (Lair:6)
  A black mamba (Lair:4)
  2 cane toads
  4 rime drakes
  A komodo dragon (Lair:5)
  3 blink frogs (Lair:5)
  3 basilisks (Lair:4)
  5 wyverns (Lair:4)
  A naga (Lair:3)
  A hell hound (Lair:4)
  A water moccasin (Lair:5)
  A bullfrog (Lair:4)
  6 hell rats (Lair:4)
40 creatures vanquished.

Vanquished Creatures (others)
  A bullfrog zombie (D:12)
  55 fungi
  93 plants
149 creatures vanquished.

Grand Total: 716 creatures vanquished

Table legend: (Time is in decaauts)
 A = Elapsed time spent in this place.
 B = Non-inter-level travel time spent in this place.
 C = Inter-level travel time spent in this place.
 D = Time resting spent in this place.
 E = Time spent auto-exploring this place.
 F = Levels seen in this place.
 G = Mean time per level.
                   A        B        C        D        E       F      G
               +--------+--------+--------+--------+--------+-----+--------+
         Total |  26048 |  25054 |    994 |   7610 |  12364 |  21 | 1240.4 |
       Dungeon |  18928 |  18259 |    669 |   5742 |   9219 |  14 | 1352.0 |
        Temple |    210 |    127 |     83 |      0 |    126 |   1 |  210.0 |
          Lair |   6908 |   6667 |    241 |   1868 |   3019 |   6 | 1151.3 |
               +--------+--------+--------+--------+--------+-----+--------+

Top non-repeatable levels by time:
    D:12: 2751 daAuts
    D:13: 2075 daAuts
  Lair:3: 2017 daAuts
    D:11: 1890 daAuts
    D:10: 1886 daAuts
     D:5: 1511 daAuts
     D:1: 1491 daAuts
  Lair:2: 1358 daAuts
  Lair:5: 1341 daAuts
     D:4: 1340 daAuts
     D:2: 1078 daAuts
     D:9: 1040 daAuts
     D:8: 1018 daAuts
     D:6: 962 daAuts
     D:7: 955 daAuts

Table legend:
 A = Non-vault XP
 B = Vault XP
 C = Vault XP percentage of total XP
 D = Non-vault monster count
 E = Vault monster count
 F = Vault count percentage of total count
                 A         B        C        D         E       F
            +---------+---------+-------+---------+---------+-------
      Total |   68209 |   26318 |  27.8 |     407 |     160 |  28.2
            +---------+---------+-------+---------+---------+-------
        D:1 |      28 |      22 |  44.0 |      13 |       4 |  23.5
        D:2 |      74 |      51 |  40.8 |      17 |       8 |  32.0
        D:3 |      82 |       0 |   0.0 |      18 |       0 |   0.0
        D:4 |     150 |      36 |  19.4 |      18 |       6 |  25.0
        D:5 |     430 |     375 |  46.6 |      17 |       6 |  26.1
        D:6 |     705 |     221 |  23.9 |      15 |       2 |  11.8
        D:7 |    1007 |       0 |   0.0 |      30 |       0 |   0.0
        D:8 |     714 |       0 |   0.0 |      20 |       0 |   0.0
        D:9 |     738 |     878 |  54.3 |       8 |       3 |  27.3
       D:10 |    1628 |    2923 |  64.2 |      18 |      15 |  45.5
       D:11 |    3328 |    3286 |  49.7 |      21 |      51 |  70.8
       D:12 |    8067 |    3700 |  31.4 |      32 |       8 |  20.0
       D:13 |    6433 |    2837 |  30.6 |      28 |       7 |  20.0
       D:14 |      85 |       0 |   0.0 |       1 |       0 |   0.0
     Lair:1 |    1681 |     929 |  35.6 |       9 |       5 |  35.7
     Lair:2 |    7984 |     791 |   9.0 |      34 |       2 |   5.6
     Lair:3 |    7916 |    1130 |  12.5 |      27 |       6 |  18.2
     Lair:4 |    3530 |    2940 |  45.4 |      17 |      21 |  55.3
     Lair:5 |   10459 |    1161 |  10.0 |      31 |       3 |   8.8
     Lair:6 |   13170 |    5038 |  27.7 |      33 |      13 |  28.3
            +---------+---------+-------+---------+---------+-------
